 Dungeon Crawl Stone Soup version 0.29-a0-1016-g236c7fd91e (webtiles) character file.

Game seed: 3125353833633417270

51 Manisian the Sneak (level 3, -1/16 HPs)
             Began as a Spriggan Enchanter on Aug 9, 2022.
             Succumbed to a hobgoblin's curare-tipped dart
             ... on level 2 of the Dungeon.
             The game lasted 00:02:59 (2051 turns).

Manisian the Sneak (Spriggan Enchanter)             Turns: 2051, Time: 00:03:00

Health: -1/16      AC:  2    Str:  4    XL:     3   Next: 58%
Magic:  7/7        EV: 17    Int: 16    God:
Gold:   69         SH:  0    Dex: 15    Spells: 6/8 levels left

rFire   . . .      SeeInvis +   a - +1 dagger
rCold   . . .      Faith    .   (no shield)
rNeg    . . .      Spirit   .   b - +0 robe
rPois   .          Reflect  .   (helmet restricted)
rElec   .          Harm     .   (no cloak)
rCorr   .          Rampage  .   (gloves unavailable)
Will    .....                   (boots unavailable)
Stlth   +++.......              (no amulet)
HPRegen 0.05/turn               (no ring)
MPRegen 0.10/turn               (no ring)

@: lethally poisoned (-1 -> -13), slowed, quick
A: very small, no large weapons, unfitting armour, see invisible, speed 3,
talons 1, dopey 1, low MP 1, sturdy frame 1
a: no special abilities


You were on level 2 of the Dungeon.
You visited 1 branch of the dungeon, and saw 2 of its levels.

You collected 69 gold pieces.

Inventory:

Hand Weapons
 a - a +1 dagger (weapon)
Armour
 b - a +0 robe (worn)
Scrolls
 d - a scroll of identify
Potions
 c - 3 potions of invisibility
 e - a potion of degeneration


   Skills:
 + Level 0.1 Fighting
 + Level 1.7 Short Blades
 + Level 2.9 Dodging
 + Level 5.1 Stealth
 + Level 3.2 Spellcasting
 + Level 4.3 Hexes
 + Level 0.3 Ice Magic


You had 6 spell levels left.
You knew the following spells:

 Your Spells              Type           Power      Damage    Failure   Level
a - Ensorcelled Hibernat  Hex/Ice        20%        N/A       11%         2

Your spell library contained the following spells:

 Spells                   Type           Power      Damage    Failure   Level
 Confusing Touch          Hex            16%        N/A       10%         3
 Tukima's Dance           Hex            16%        N/A       10%         3
 Dazzling Flash           Conj/Hex       18%        N/A       22%         3


Dungeon Overview and Level Annotations

Branches:
Dungeon (2/15)

Altars:
Nemelex Xobeh

Shops:
D:2 =


Innate Abilities, Weirdness & Mutations

You are very small and have problems with some larger weapons.
You are too small for most types of armour.
You have supernaturally acute eyesight. (SInv)
You cover ground extremely quickly. (Speed+++)
You have sharp toenails.
You are dopey. (Int -2)
Your magical capacity is low. (-10% MP)
Your movements are slightly less encumbered by armour. (ER -2)


Message History

An endoplasm comes into view.
An endoplasm is nearby!
The helpless endoplasm fails to defend itself.
You impale the endoplasm!!
You kill the endoplasm!
A ball python skeleton comes into view.
A ball python skeleton is nearby!
No target in view!
You hit the ball python skeleton but do no damage.
The ball python skeleton misses you.
The ball python skeleton barely misses you.
You hit the ball python skeleton.
The ball python skeleton is moderately damaged.
The ball python skeleton closely misses you.
The ball python skeleton barely misses you.
You hit the ball python skeleton.
The ball python skeleton is heavily damaged.
The ball python skeleton misses you.
The ball python skeleton closely misses you.
You hit the ball python skeleton.
You destroy the ball python skeleton!
A hobgoblin comes into view. It is quivering curare-tipped darts.
A hobgoblin is nearby!
A hobgoblin is nearby!
The hobgoblin shouts!
A bat comes into view.
The hobgoblin throws a curare-tipped dart.
The curare-tipped dart hits you.
You are lethally poisoned!
You have difficulty breathing.
Ouch! That really hurt!
You feel yourself slow down.
Unknown command.
It was a potion of mutation.
You feel extremely strange.
You feel less encumbered by your armour.
You feel stupid.
You feel less energetic.
Your toenails lengthen and sharpen.
* * * LOW HITPOINT WARNING * * *
You feel very sick.
Okay, then.
You die...

#.# #.# #.#
#.# ..# #.#
#.# ### #.#
#.# #.# #.#
#.# ##.
#.######.....
#...@....g...
########.....
b.. #


You could see a hobgoblin.

Vanquished Creatures
  An adder (D:2)
  A dart slug (D:1)
  2 ball pythons (D:1)
  3 bats
  A bat skeleton (D:2)
  4 endoplasms
  4 goblins
  5 hobgoblins
  5 quokkas
  A ball python skeleton (D:2)
  A ball python zombie (D:2)
  A frilled lizard (D:1)
  3 kobolds (D:1)
  A quokka skeleton (D:2)
  3 rats
36 creatures vanquished.

Vanquished Creatures (others)
  A withered plant (D:2)
1 creature vanquished.

Grand Total: 37 creatures vanquished

Notes
Turn   | Place    | Note
-------+----------+-------------------------------------------
     0 | D:1      | Manisian the Spriggan Enchanter began the quest for the
                  | Orb.
     0 | D:1      | Reached XP level 1. HP: 9/9 MP: 5/5
   452 | D:1      | Reached XP level 2. HP: 11/13 MP: 6/6
   455 | D:1      | Learned a level 2 spell: Ensorcelled Hibernation
  1340 | D:2      | Found Luonn's One-of-a-Kind Rings.
  1348 | D:2      | Reached XP level 3. HP: 16/16 MP: 0/8
  1464 | D:2      | Found a sparkling altar of Nemelex Xobeh.
  1491 | D:2      | Reached skill level 5 in Stealth
  2050 | D:2      | Gained mutation: Your movements are slightly less
                  | encumbered by armour. (ER -2) [potion of mutation]
  2050 | D:2      | Gained mutation: You are dopey. (Int -2) [potion of
                  | mutation]
  2050 | D:2      | Gained mutation: Your magical capacity is low. (-10% MP)
                  | [potion of mutation]
  2050 | D:2      | Gained mutation: You have sharp toenails. [potion of
                  | mutation]
  2051 | D:2      | Succumbed to a hobgoblin's curare-tipped dart

Illustrated notes

Levels and vault maps discovered:
D:1:      dpeg_arrival_arbitrary_c, layout_loops_ring
D:2:      layout_loops_ring, serial_undead, serial_undead_c, serial_undead_c,
          serial_undead_b, serial_undead_b, basic_altar,
          nicolae_shop_unique_rings

Skill      XL: |  1  2  3 |
---------------+----------+-----
Hexes          | 4 |  4.3
Stealth        | 5 |  5.1
Spellcasting   | 3 |  3.2
Fighting       | |  0.1
Short Blades   | |  1.7
Dodging        | |  2.9
Ice Magic      | |  0.3

Action                   || total
-------------------------++-------
Melee: Dagger            ||    88
       Punch             ||     2
 Cast: Ensorcelled Hiber ||    15
  Use: Scroll            ||     2
       Potion            ||     1
 Stab: Sleeping          ||    21
Armor: Robe              ||     6
Dodge: Dodged            ||    68

Table legend: (Time is in decaauts)
 A = Elapsed time spent in this place.
 B = Non-inter-level travel time spent in this place.
 C = Inter-level travel time spent in this place.
 D = Time resting spent in this place.
 E = Time spent auto-exploring this place.
 F = Levels seen in this place.
 G = Mean time per level.
                   A        B        C        D        E       F      G
               +--------+--------+--------+--------+--------+-----+--------+
         Total |   1672 |   1668 |      4 |     23 |   1423 |   2 |  836.0 |
       Dungeon |   1672 |   1668 |      4 |     23 |   1423 |   2 |  836.0 |
               +--------+--------+--------+--------+--------+-----+--------+

Top non-repeatable levels by time:
     D:1: 1082 daAuts
     D:2: 590 daAuts
